 Dungeon Crawl Stone Soup version 0.18.1-48-g4cf74bf (webtiles) character file.

88 Gargoyl the Skirmisher (level 4, 0/40 HPs)
             Began as a Demonspawn Abyssal Knight on July 28, 2016.
             Was a Believer of Lugonu.
             Slain by an orc wizard
             ... wielding a +0 dagger
              (1 damage)
             ... on level 3 of the Dungeon.
             The game lasted 00:04:06 (2224 turns).

Gargoyl the Skirmisher (Demonspawn Abyssal Knight)  Turns: 2224, Time: 00:04:07

Health: 0/40       AC:  5    Str: 12 (13) XL:     4   Next: 30%
Magic:  6/6        EV: 14    Int: 12 (13) God:    Lugonu [**....]
Gold:   134        SH:  2    Dex: 17 (18) Spells: 0 memorised, 3 levels left

rFire  . . .     SeeInvis .     a - +1 hand axe
rCold  . . .     Gourm    .     m - +0 scale mail
rNeg   . . .     Faith    .     (no shield)
rPois  .         Spirit   .     (no helmet)
rElec  .         Dismiss  .     (no cloak)
rCorr  .         Reflect  .     (no gloves)
SustAt +         Harm     .     (no boots)
MR     .....                    (no amulet)
Stlth  +.........               (no ring)
                                d - ring of sustain attributes

@: agile, not resistant to hostile enchantments, very unstealthy
A: talons 1, large bone plates 1, blurry vision 1, deformed body, robust 1
a: Depart the Abyss, Bend Space, Renounce Religion


You were on level 3 of the Dungeon.
You worshipped Lugonu.
Lugonu was pleased with you.
You were hungry.

You visited 1 branch of the dungeon, and saw 3 of its levels.
You visited the Abyss 1 time.

You collected 134 gold pieces.

Inventory:

Hand Weapons
 a - a +1 hand axe (weapon)
Missiles
 t - 5 tomahawks (quivered)
Armour
 m - a +0 scale mail (worn)
Jewellery
 d - a ring of sustain attributes (left hand)
Scrolls
 e - 2 scrolls of identify {unknown}
 f - a scroll of enchant armour {unknown}
 h - a scroll of fog {unknown}
 j - a scroll of random uselessness {unknown}
 k - a scroll of recharging {unknown}
 l - a scroll of enchant weapon {unknown}
 n - a scroll of amnesia {unknown}
 o - a scroll of remove curse {unknown}
 q - a scroll of immolation {unknown}
Potions
 i - a potion of agility
Comestibles
 b - a meat ration
 c - 4 bread rations
 r - a beef jerky


   Skills:
 + Level 3.9 Fighting
 + Level 2.3 Axes
 * Level 2.0 Armour
 + Level 2.1 Dodging
 + Level 2.8 Invocations


You had 3 spell levels left.
You didn't know any spells.

Dungeon Overview and Level Annotations

Branches:
Dungeon (3/15)

Altars:
Trog
Zin


Innate Abilities, Weirdness & Mutations

You have sharp toenails.
You are partially covered in large bone plates (AC +2, SH +2).
Scrolls take you a little longer to read.
Armour fits poorly on your strangely shaped body.
You are robust (+10% HP).


Message History

You hit something but do no damage. Your kick misses something.
Something hits you but does no damage. The orc completely misses you.
Drink which item? (? for menu, Esc to quit)
It was a potion of agility.
You feel agile all of a sudden. Something completely misses you.
The orc hits you from afar with a trident.
* * * LOW HITPOINT WARNING * * *
Drink which item? (? for menu, Esc to quit)
It was a potion of degeneration.
There was something very wrong with that liquid.
You feel somewhat weakened.
You feel somewhat dopey.
You feel somewhat clumsy.
You hear some strange, mumbled words.
The orc hits you from afar with a trident.
* * * LOW HITPOINT WARNING * * *
Drink which item? (? for menu, Esc to quit)
It was a potion of mutation.
You feel extremely strange.
Your vision blurs.
You feel robust.
Your body twists and deforms.
Something hits you but does no damage. Something hits you.
You die...

.....#.≈####'####§.#
.......##§§§.§≈≈##§#
..##.#.#⌠§§....≈⌠#.#
#.
#.#.##≈.._..≈##.##
#⌠≈.....≈⌠#..#
##≈≈≈≈≈≈≈##.)#
###⌠#⌠####..#
########.#.#
....oo{@.).#
....oo##.### ..(.o
#.# .... #.# #.# #.#
# ..# ###


You could see 5 orcs.

Vanquished Creatures
  2 adders (D:2)
  2 dart slugs
  A giant gecko (D:2)
  7 orcs (D:3)
  A bat skeleton (D:2)
  6 giant cockroaches
  6 goblins
  5 hobgoblins
  2 ball pythons
  4 bats
  5 giant newts
  8 kobolds
  A quokka zombie (D:2)
  6 rats
56 creatures vanquished.

Notes
Turn   | Place    | Note
--------------------------------------------------------------
     0 | Abyss:1  | Gargoyl the Demonspawn Abyssal Knight began the quest for the Orb.
     0 | Abyss:1  | Reached XP level 1. HP: 18/18 MP: 2/2
    37 | Abyss:1  | Noticed a chaos spawn
    40 | Abyss:1  | Noticed a chaos spawn
    48 | D:1      | Escaped the Abyss
   124 | D:1      | Reached * piety under Lugonu
   316 | D:1      | Gained mutation: You have sharp toenails. [demonic ancestry]
   316 | D:1      | Reached XP level 2. HP: 24/24 MP: 3/3
   358 | D:1      | Reached skill level 1 in Dodging
   753 | D:1      | Gained mutation: You are partially covered in large bone plates (AC +2, SH +2). [demonic ancestry]
   753 | D:1      | Reached XP level 3. HP: 16/29 MP: 5/5
  1271 | D:2      | Found a glowing silver altar of Zin.
  1272 | D:2      | Noticed an angel
  1343 | D:2      | Reached ** piety under Lugonu
  1471 | D:2      | Found a faded altar to an unknown god.
  1715 | D:2      | Reached XP level 4. HP: 37/37 MP: 6/6
  2071 | D:3      | Found a bloodstained altar of Trog.
  2223 | D:3      | HP: 1/37 [orc/trident (1)]
  2224 | D:3      | Gained mutation: Scrolls take you a little longer to read. [potion of mutation]
  2224 | D:3      | Gained mutation: You are robust (+10% HP). [potion of mutation]
  2224 | D:3      | Gained mutation: Armour fits poorly on your strangely shaped body. [potion of mutation]
  2224 | D:3      | Slain by an orc wizard

Skill      XL: |  1  2  3  4 |
---------------+-------------+-----
Axes           | 2 |  2.3
Dodging        | 1 2 |  2.1
Armour         | 2 |  2.0
Fighting       | |  3.9
Invocations    | |  2.8

Action                   |  1- 3 |  4- 6 || total
-------------------------+-------+-------++-------
Melee: Hand axe          |   161 |    61 ||   222
       Kick              |    21 |    13 ||    34
Invok: Depart the Abyss  |     1 |       ||     1
  Use: Potion            |       |     3 ||     3
  Eat: Chunk             |     3 |     1 ||     4
Armor: Leather armour    |    59 |       ||    59
       Scale mail        |    37 |    37 ||    74
Dodge: Dodged            |   109 |    40 ||   149
Block: Other             |     7 |     5 ||    12
